 Dungeon Crawl Stone Soup version 0.25.1-2-g60ff931df9 (webtiles) character file.

Game seed: 2999225607602624843

1579 DerDa the Firebug (level 8, -3/62 HPs)
             Began as a Naga Fire Elementalist on Aug 23, 2020.
             Slain by a hog (12 damage)
             ... on level 7 of the Dungeon.
             The game lasted 00:14:36 (6375 turns).

DerDa the Firebug (Naga Fire Elementalist)          Turns: 6375, Time: 00:14:37

Health: -3/62      AC:  4    Str: 12    XL:     8   Next: 91%
Magic:  12/16      EV: 10    Int: 17    God:
Gold:   257        SH:  6    Dex: 11    Spells: 7/17 levels left

rFire    . . .     SeeInvis +   F - +2 hand axe (venom)
rCold    . . .     Gourm    .   i - +2 buckler
rNeg     . . .     Faith    +   a - +0 robe
rPois    +         Spirit   .   (no helmet)
rElec    .         Reflect  .   t - +0 cloak
rCorr    .         Harm     .   (no gloves)
MR       +....                  (no barding)
Stlth    ++........             E - amulet of faith
HPRegen  0.20/turn              (no ring)
MPRegen  0.15/turn              (no ring)

@: very slow
A: large, see invisible, deformed body, poison resistance, slowness 2, slow
metabolism 1, spit poison 1, AC +2
a: Spit Poison


You were on level 7 of the Dungeon.
You were not hungry.

You visited 2 branches of the dungeon, and saw 8 of its levels.

You collected 257 gold pieces.

Inventory:

Hand Weapons
 g - a +0 hunting sling
 h - a +0 short sword of protection
 x - a +1 flail of holy wrath
 F - a +2 hand axe of venom (weapon)
 I - a +1 short sword of holy wrath
Missiles
 f - 195 stones (quivered)
 k - 31 sling bullets
 s - 18 poisoned darts
 C - a throwing net
 H - 54 bolts
Armour
 a - a +0 robe (worn)
 i - a +2 buckler (worn)
 t - a +0 cloak (worn)
 G - the +2 ratskin cloak {+Rats rPois rN+ Str-1 Int-1 Dex+1}
   (You found it on level 5 of the Dungeon)

   It affects your strength (-1).
   It affects your intelligence (-1).
   It affects your dexterity (+1).
   It protects you from poison.
   It protects you from negative energy.
Jewellery
 m - an uncursed amulet of the acrobat
 E - an amulet of faith (around neck)
Wands
 v - a wand of random effects (21)
 y - a wand of enslavement (9)
Scrolls
 b - 5 scrolls of magic mapping {unknown}
 d - 6 scrolls of teleportation {unknown}
 e - a scroll of noise {unknown}
 j - a scroll of random uselessness {unknown}
 l - 8 scrolls of identify {unknown}
 n - 2 scrolls of blinking {unknown}
 q - a scroll of enchant weapon {unknown}
 r - 3 scrolls of enchant armour {unknown}
 w - 2 scrolls of remove curse {unknown}
 K - a scroll of immolation {unknown}
Potions
 o - 2 potions of cancellation {unknown}
 p - 4 potions of curing
 u - 3 potions of stabbing {unknown}
 z - a potion of heal wounds {unknown}
 A - a potion of might {unknown}
 B - 3 potions of brilliance {unknown}
 J - a potion of flight {unknown}
 L - a potion of degeneration {unknown}
Comestibles
 c - 11 rations
 D - 3 chunks of flesh


   Skills:
 - Level 1.5 Dodging
 - Level 3.0 Stealth
 - Level 4.0 Shields
 * Level 5.4 Spellcasting
 * Level 5.5 Conjurations
 * Level 6.2 Fire Magic


You had 7 spell levels left.
You knew the following spells:

 Your Spells              Type           Power        Failure   Level  Hunger
a - Foxfire               Conj/Fire      ###.         1%          1    None
b - Sticky Flame          Conj/Fire      ###.....     12%         4    ####...
c - Fireball              Conj/Fire      ###.......   32%         5    ######.

Your spell library contained the following spells:

 Spells                   Type           Power        Failure   Level  Hunger
 Conjure Flame            Conj/Fire      ###.....     3%          3    ##.....
 Inner Flame              Hex/Fire       ###.....     11%         3    ##.....


Dungeon Overview and Level Annotations

Branches:
Dungeon (7/15)             Temple (1/1) D:4

Altars:
Ashenzari
Cheibriados
Dithmenos
Elyvilon
Fedhas
Gozag
Kikubaaqudgha
Okawaru
Qazlal
Ru
Trog
Vehumet
Wu Jian
Xom

Shops:
D:5 (


Innate Abilities, Weirdness & Mutations

You cannot wear boots.
Your serpentine skin is tough. (AC +2)
You have supernaturally acute eyesight. (SInv)
Armour fits poorly on your strangely shaped body.
Your system is resistant to poisons. (rPois)
You cover ground very slowly.
You have a slow metabolism.
You can spit poison.


Message History

The human hits you but does no damage.
Unknown command.
You have got your breath back.
The hog closely misses you.
You kill the hog!
The hog bites you. You block the human's attack.
You hit the hog but do no damage.
The hog is poisoned.
You closely miss the human.
The human looks more healthy.
The hog bites you! The human closely misses you.
Unknown command.
The hog bites you!
* * * LOW HITPOINT WARNING * * *
The hog bites you!
* * * LOW HITPOINT WARNING * * *
You block the hog's attack. The human completely misses you.
The hog closely misses you. The hog closely misses you. The hog bites you!
* * * LOW HITPOINT WARNING * * *
You feel better. The hog bites you!
You die...

+.......'....'..<.....>.
#.......######...#...#.#
.###..(....# #.......#
........#### #.......#
..######.#########.....#.#
.........#.......+.......#
.########÷...#####.....#.
#....# #.....### #...@#
#..hh# ###...p# +......#
###..### #..## #.†.##
#..†.# #.#'##


You could see 2 hogs and a human.

Vanquished Creatures
  2 hogs (D:7)
  Menkaure (D:6)
  Edmund (D:4)
  A water moccasin (D:5)
  2 ogres (D:5)
  A centaur (D:6)
  Blork the orc (D:6)
  A bullfrog (D:7)
  A jelly (D:5)
  A bullfrog zombie (D:5)
  A hound (D:6)
  2 orc priests (D:3)
  An iguana (D:5)
  2 orc wizards (D:3)
  A hell rat (D:5)
  2 worker ants
  A hound zombie (D:6)
  A hound skeleton (D:5)
  5 gnolls
  2 adders
  6 river rats (D:5)
  A shadow imp (D:5)
  An ooze (D:1)
  2 worms
  6 leopard geckos
  14 orcs
  2 ball pythons
  10 bats
  5 giant cockroaches
  11 goblins
  4 hobgoblins
  4 jackals (D:4)
  3 quokkas
  4 frilled lizards
  A giant cockroach zombie (D:6)
  11 kobolds
  A quokka skeleton (D:5)
  21 rats
137 creatures vanquished.

Vanquished Creatures (others)
  378 foxfires
378 creatures vanquished.

Grand Total: 515 creatures vanquished

Notes
Turn   | Place    | Note
-------+----------+-------------------------------------------
     0 | D:1      | DerDa the Naga Fire Elementalist began the quest for the
                  | Orb.
     0 | D:1      | Reached XP level 1. HP: 15/15 MP: 3/3
    75 | D:1      | Reached XP level 2. HP: 22/22 MP: 0/5
   436 | D:1      | Reached XP level 3. HP: 28/28 MP: 1/6
  1158 | D:2      | Reached XP level 4. HP: 36/36 MP: 3/7
  1957 | D:3      | Reached skill level 1 in Shields
  2255 | D:3      | Reached XP level 5. HP: 42/42 MP: 0/9
  2267 | D:3      | Reached skill level 4 in Fire Magic
  2768 | D:3      | Found a basalt altar of Yredelemnul.
  2770 | D:3      | Found a shimmering altar of Xom.
  2770 | D:3      | Found a shadowy altar of Dithmenos.
  2772 | D:3      | Found a shattered altar of Ashenzari.
  2772 | D:3      | Found a shimmering altar of Xom.
  2772 | D:3      | Found a sacrificial altar of Ru.
  3169 | D:4      | Reached XP level 6. HP: 49/49 MP: 6/11
  3178 | D:4      | Noticed Edmund
  3193 | D:4      | Killed Edmund
  3304 | D:4      | Learned a level 4 spell: Sticky Flame
  3310 | D:4      | Learned a level 5 spell: Fireball
  3351 | D:4      | Found a staircase to the Ecumenical Temple.
  3360 | Temple   | Entered the Ecumenical Temple
  3772 | D:5      | Entered Level 5 of the Dungeon
  3852 | D:5      | Found an ancient bone altar of Kikubaaqudgha.
  3880 | D:5      | Reached XP level 7. HP: 55/55 MP: 5/12
  4140 | D:5      | Found Bah Mihoa's Weapon Shoppe.
  4191 | D:5      | Reached skill level 5 in Fire Magic
  4634 | D:5      | Found the +2 ratskin cloak {+Rats rPois rN+ Str-1 Int-1
                  | Dex+1}
  5053 | D:5      | Reached XP level 8. HP: 62/62 MP: 8/14
  5291 | D:6      | Found a snail-covered altar of Cheibriados.
  5425 | D:6      | Noticed Blork the orc
  5439 | D:6      | Killed Blork the orc
  5917 | D:6      | Noticed Menkaure
  5921 | D:6      | Killed Menkaure
  6003 | D:6      | Reached skill level 5 in Conjurations
  6259 | D:7      | Reached skill level 5 in Spellcasting
  6363 | D:7      | Reached skill level 6 in Fire Magic
  6374 | D:7      | HP: 2/62 [hog (8)]
  6375 | D:7      | Slain by a hog

Illustrated notes

Levels and vault maps discovered:
D:1:      wander_arrival_fairy_ring, layout_rooms
D:2:      layout_basic, first_ration
D:3:      layout_rooms, doesnt_xom_only_xom
D:4:      layout_basic, minmay_temple_entry_slanted, uniq_edmund
D:5:      wander_guarded_unrand_ratskin, layout_gridville,
          kiku_gazebo_pond_becter, serial_shops, kennysheep_mini
D:6:      lemuel_ice_spiral_2, layout_basic, cheibriados_altar_1,
          uniq_blork_the_orc, uniq_menkaure
D:7:      layout_basic, grunt_livestock, chequers_serial_rivers_marsh,
          uniq_joseph, uniq_duvessa
Temple:   minmay_freezing_vapour_temple

Skill      XL: |  1  2  3  4  5  6  7  8 |
---------------+-------------------------+-----
Conjurations   | 2 3 4 5 |  5.5
Shields        | 1 2 3 4 |  4.0
Spellcasting   | 3 4 5 |  5.4
Fire Magic     | 4 5 6 |  6.2
Dodging        | |  1.5
Stealth        | |  3.0

Action                   |  1- 3 |  4- 6 |  7- 9 || total
-------------------------+-------+-------+-------++-------
Melee: Unarmed           |     3 |       |       ||     3
       Short sword       |     5 |    46 |     5 ||    56
       Club              |     1 |       |       ||     1
       Hand axe          |       |       |    61 ||    61
 Cast: Foxfire           |    51 |    85 |    99 ||   235
 Abil: Spit Poison       |     3 |     8 |     6 ||    17
  Use: Potion            |       |       |     2 ||     2
 Stab: Sleeping          |     2 |     3 |     7 ||    12
  Eat: Chunk             |     1 |     7 |     7 ||    15
Armor: Robe              |     6 |    20 |    21 ||    47
Dodge: Dodged            |    12 |    34 |    54 ||   100
Block: Buckler           |       |       |    13 ||    13
